[Event "*** Titled Tuesday Blitz"]
[Site "Chess.com"]
[Date "2020.05.26"]
[Round "4"]
[White "themind1hunter"]
[Black "andy_rekt"]
[Result "1-0"]
[WhiteElo "2392"]
[BlackElo "2156"]
[TimeControl "180+1"]
[EndTime "10:38:53 PDT"]
[Termination "themind1hunter won on time"]

1. e4 c5 2. Nf3 Nc6 3. d4 cxd4 4. Nxd4 Nf6 5. Nc3 d6 6. f3 e5 7. Nb3 Be6 8. Nd5 h6 9. c4 a5 10. Be3 a4 11. Nd2 Bxd5 12. cxd5 Nb8 13. Bb5+ Nbd7 14.
Bxa4 Qa5 15. Bc2 Qa6 16. b3 Rc8 17. Nc4 b5 18. Nd2 Rc3 19. Kf2 Be7 20. a4 Bd8 21.
axb5 Qxb5 22. Nc4 O-O 23. Nxd6 Qb4 24. Nc4 Nc5 25. Bd2 Bb6 26. Ne3 Ncxe4+ 27. fxe4 Nxe4+ 28. Bxe4 Qxe4 29. Qf3 Qd3 30. Bxc3 Qxc3 31. Rhe1 f5 32. Kf1 f4 33. Nc4 Qd4 34. Red1 Qg1+ 35. Ke2 Qc5 36. d6 Bd8 37. Qd5+ 1-0

[Event "*** Titled Tuesday Blitz"]
[Site "Chess.com"]
[Date "2020.05.26"]
[Round "4"]
[White "Lagravesamuell"]
[Black "Mikhail_Biryukov"]
[Result "0-1"]
[WhiteElo "2469"]
[BlackElo "2644"]
[TimeControl "180+1"]
[EndTime "10:38:54 PDT"]
[Termination "Mikhail_Biryukov won by resignation"]

1. d4 Nf6 2. c4 e6 3. g3 d5 4. Bg2 dxc4 5. Nf3 Bb4+ 6. Bd2 c5 7. Bxb4 cxb4 8. Ne5 O-O 9. O-O Nc6 10. Nxc6 bxc6 11. e3 Qb6 12. Nd2 Ba6 13. Re1 Nd5 14. Ne4 Rfe8 15. Qc2 e5 16. Nd6 exd4 17. Nxe8 d3 18. Qa4 Bb5 19. Nf6+ Nxf6 20. Qxb4 a5 21. Qd2 a4 22. b3 cxb3 23. axb3 a3 24. Qb4 a2 25. Red1 h6 26. Rd2 Qa6 27. Qc3 Qa3 28. Qb2 Qb4 29. Rxa2 Rd8 30. Qa3 Qc3 31. b4 Qc4 32. Ra1 Ne4 33.
Bxe4 Qxe4 34. Qa5 Rd7 35. Qb6 Kh7 36. Ra7 Rxa7 37. Qxa7 Qxb4 38. Qa2 Bc4 39. Qb2 Qxb2 40. Rxb2 c5 41. Kf1 d2+ 0-1

[Event "*** Titled Tuesday Blitz"]
[Site "Chess.com"]
[Date "2020.05.26"]
[Round "4"]
[White "pollo2016"]
[Black "Vesper2018"]
[Result "1/2-1/2"]
[WhiteElo "2579"]
[BlackElo "2308"]
[TimeControl "180+1"]
[EndTime "10:38:54 PDT"]
[Termination "Game drawn by agreement"]

1. d4 Nf6 2. c4 g6 3. Nc3 Bg7 4. e4 d6 5. Nge2 O-O 6. Ng3 e5 7. d5 Na6 8. Be2 h5 9. O-O h4 10. Nh1 Nh7 11. Be3 f5 12. exf5 gxf5 13.
f4 Nf6 14. Nf2 Qe8 15. Qd2 Qg6 16. Rae1 Bd7 17. Kh1 Rae8 18. Rg1 Ng4 19. Nxg4 fxg4 20. Rgf1 exf4 21. Rxf4 Rxf4 22. Bxf4 Nc5 23. Bf1 Rxe1 24.
Qxe1 Qf5 25. Be3 Nd3 26. Bxd3 Qxd3 27. Qe2 Qxe2 28. Nxe2 Bxb2 29. Bxa7 b6 30. Bb8 b5 31. cxb5 Bxb5 32. Nf4 Be5 33. Ng6 Kf7 34. Nxe5+ dxe5 35. Bxc7 Bc4 36. Bxe5 Bxd5 37. Kg1 Bxa2 38. Bf4 h3 39. g3 Bd5 40. Kf2 Ke6 41. Ke3 Kf5 42. Bb8 Bb7 43. Kd4 Bg2 44. Kc5 Bh1 45. Kd4 Bg2 46. Bf4 Bh1 47.
Be3 Bg2 48. Bf4 Bh1 1/2-1/2

[Event "*** Titled Tuesday Blitz"]
[Site "Chess.com"]
[Date "2020.05.26"]
[Round "4"]
[White "Atanejhad"]
[Black "narutosmith"]
[Result "1-0"]
[WhiteElo "2448"]
[BlackElo "2271"]
[TimeControl "180+1"]
[EndTime "10:38:54 PDT"]
[Termination "Atanejhad won on time"]

1. d4 Nf6 2. c4 e6 3. Nf3 Bb4+ 4. Bd2 a5 5. g3 d6 6. Bg2 Nbd7 7. O-O e5 8. Nc3 O-O 9. Bg5 exd4 10. Qxd4 Bc5 11. Qd3 h6 12. Bf4 Re8 13. h3 Qe7 14.
Rfe1 Ne5 15. Bxe5 dxe5 16. e4 c6 17. Rad1 a4 18. Nh4 g6 19. Qc2 a3 20. b3 Nd7 21.
Na4 Bd4 22. Kh2 Nf8 23. f4 b5 24. fxe5 Bxe5 25. Nb6 Bxg3+ 26. Kxg3 Qc7+ 27. Kf2 Qxb6+ 28. Kf1 Qc7 29. e5 Ne6 30. cxb5 Qe7 31. Nxg6 fxg6 32. Qxg6+ Ng7 33. Bxc6 Rf8+ 34. Kg1 Rb8 35. Qxh6 Bf5 36. Rd6 Ne6 37. Re3 Qg7+ 38. Qxg7+ Nxg7 39. e6 Rfc8 40. e7 Kf7 41. Rf3 1-0

[Event "*** Titled Tuesday Blitz"]
[Site "Chess.com"]
[Date "2020.05.26"]
[Round "4"]
[White "nitpicker"]
[Black "2008king"]
[Result "0-1"]
[WhiteElo "2276"]
[BlackElo "2107"]
[TimeControl "180+1"]
[EndTime "10:38:54 PDT"]
[Termination "2008king won on time"]

1. d4 d5 2. c4 c6 3. Nf3 Nf6 4. Qb3 e6 5. Nc3 Bd6 6. Bg5 Nbd7 7. g3 h6 8. Bf4 Bxf4 9. gxf4 Qc7 10. e3 O-O 11.
Bg2 b6 12. O-O Bb7 13. Rac1 Qd6 14. c5 Qe7 15. Ne5 Rfc8 16. Rfe1 Rab8 17. Na4 Ba8 18. Qa3 b5 19. Nc3 b4 20. Qxa7 bxc3 21. bxc3 Qd8 22.
Rb1 Nxe5 23. fxe5 Ne4 24. c4 Nd2 25. Rb6 Nxc4 26. Rxb8 Rxb8 27. a4 Rb2 28. Bf1 Nd2 29.
Bg2 Qb8 30. Qxb8+ Rxb8 31. Ra1 Nc4 32. Bf1 Na5 33. Bd3 Rb4 34. Kf1 Bb7 35. Ke2 Nc4 36.
f3 Nb2 37. Bc2 Ba6+ 38. Kd2 Nc4+ 39. Kc3 Rb8 40. e4 Na5 41. exd5 exd5 42. f4 Bc4 43.
f5 Kf8 44. Rg1 Rb7 45. h4 h5 46. Rg5 Bb3 47. Bd3 Nc4 48. f6 g6 49. e6 Bxa4 50. e7+ Ke8 51. Bxg6 fxg6 52. Rxg6 Rb3+ 53. Kc2 Rg3+ 0-1

[Event "*** Titled Tuesday Blitz"]
[Site "Chess.com"]
[Date "2020.05.26"]
[Round "4"]
[White "wannabe2700"]
[Black "Sweafty"]
[Result "1-0"]
[WhiteElo "2728"]
[BlackElo "2515"]
[TimeControl "180+1"]
[EndTime "10:38:55 PDT"]
[Termination "wannabe2700 won by resignation"]

1. e4 c5 2. d4 cxd4 3. Nf3 Nc6 4.
Nxd4 e6 5. Nc3 a6 6. Nxc6 bxc6 7. Bd3 d5 8. O-O Nf6 9. Qe2 Be7 10. Bf4 O-O 11. Rad1 Re8 12. Rfe1 Nd7 13. Qf3 Bg5 14. Bxg5 Qxg5 15. exd5 cxd5 16. Nxd5 Bb7 17. Ne7+ Qxe7 18. Qxb7 Nc5 19. Qxe7 Rxe7 20. Bf1 Rc7 21. c4 a5 22. b3 f6 23. Rd6 e5 24. g3 Re7 25. Bg2 Rb8 26.
Bd5+ Kf8 27. Rc6 Nd7 28. Ra6 Nb6 29. Rxa5 Rd8 30. a4 Nxd5 31. Rxd5 Rb8 32. Rb5 Rxb5 33. cxb5 Ke8 34. f4 Kd7 35. fxe5 fxe5 36. Kf2 Kc7 37. Ke3 Kb6 38. b4 e4 39. Rc1 Re6 40. Rc4 Re7 41. Rxe4 Rc7 42. Re6+ Kb7 43. Kd4 Rc1 44. Re7+ Kb8 45. Rxg7 Rb1 46. Kc5 Rc1+ 47. Kb6 Kc8 48. Rxh7 Ra1 49. a5 Ra2 50. a6 1-0

[Event "*** Titled Tuesday Blitz"]
[Site "Chess.com"]
[Date "2020.05.26"]
[Round "4"]
[White "chessdjw"]
[Black "blitzking1729"]
[Result "1-0"]
[WhiteElo "2707"]
[BlackElo "2505"]
[TimeControl "180+1"]
[EndTime "10:38:55 PDT"]
[Termination "chessdjw won by resignation"]

1. e4 c6 2. Nf3 d5 3. Nc3 Bg4 4. h3 Bxf3 5. Qxf3 e6 6. Be2 Nf6 7. O-O Bc5 8. Rd1 d4 9. e5 dxc3 10. exf6 Qxf6 11. Qxf6 gxf6 12. bxc3 Nd7 13. d4 Bd6 14.
Rb1 O-O-O 15. Be3 f5 16. a4 f4 17. Bc1 Rhg8 18. Kf1 Rg5 19. c4 Rdg8 20. Bf3 Bc7 21.
d5 cxd5 22. cxd5 exd5 23. Rxd5 Rxd5 24. Bxd5 Nb6 25. Bxf7 Rd8 26. Be6+ Kb8 27. a5 Na4 28. Ba3 Nc3 29. Ra1 Bxa5 30. Be7 Rd2 31. Bf6 Rxc2 32. Bf5 Rd2 33. Bxh7 b6 34. h4 Nd5 35. Be5+ Kb7 36.
h5 Bb4 37. Be4 Bc5 38. Ra2 Rd1+ 39. Ke2 Rh1 40. Bxd5+ 1-0

[Event "*** Titled Tuesday Blitz"]
[Site "Chess.com"]
[Date "2020.05.26"]
[Round "4"]
[White "kleopl"]
[Black "TheBigBadChessDad"]
[Result "1-0"]
[WhiteElo "2420"]
[BlackElo "2240"]
[TimeControl "180+1"]
[EndTime "10:38:55 PDT"]
[Termination "kleopl won on time"]

1. c4 e6 2. Nc3 d5 3. d4 Nf6 4. Bg5 Be7 5. cxd5 exd5 6. e3 c6 7. Bd3 Nbd7 8. Nf3 h6 9. Bf4 Nh5 10. Bg3 Nxg3 11. hxg3 Nf6 12. Rb1 a5 13. a3 O-O 14. b4 axb4 15. axb4 b5 16. Ne5 Bd7 17. Qf3 Bd6 18. Nxd7 Qxd7 19. O-O Ra3 20. Rfc1 Rfa8 21.
Bf5 Qe7 22. Ne2 R8a6 23. Nf4 g6 24. Bc2 Bxb4 25. Bxg6 fxg6 26. Nxg6 Qg7 27. Ne5 Bd6 28. Nxc6 Ne4 29. Rxb5 Ra1 30. Rxa1 Rxa1+ 31. Kh2 Rf1 32. Ne5 Rxf2 33. Qg4 Bxe5 34. Qe6+ Kh7 35. Qxe5 Qxe5 36.
dxe5 Nc3 37. Rc5 Nd1 38. Rxd5 Nxe3 39. Rd7+ Kg6 40. e6 1-0

[Event "*** Titled Tuesday Blitz"]
[Site "Chess.com"]
[Date "2020.05.26"]
[Round "4"]
[White "Roaccutane"]
[Black "GM_dmitrij"]
[Result "0-1"]
[WhiteElo "2724"]
[BlackElo "2938"]
[TimeControl "180+1"]
[EndTime "10:38:56 PDT"]
[Termination "GM_dmitrij won by checkmate"]

1. d4 Nf6 2. Nc3 d5 3. Bg5 c5 4.
Bxf6 gxf6 5. e3 Nc6 6. Nf3 e6 7. g3 Qb6 8. Rb1 cxd4 9. exd4 Be7 10. Bd3 Bd7 11. Be2 f5 12. O-O O-O 13. Re1 Bf6 14. Na4 Qc7 15. c3 Kh8 16. Nc5 Rg8 17. Bf1 Rg7 18. Bg2 Rag8 19. Nd3 Ne7 20. a4 Nc8 21. Rc1 Nd6 22. Nf4 Ne4 23. Nh5 Rg6 24. Nxf6 Rxf6 25. Ne5 Be8 26. c4 dxc4 27. Rxc4 Qb6 28. Bxe4 fxe4 29.
b4 Qd8 30. Rxe4 Rf5 31. b5 Qd5 32. Qe2 Qd6 33. h3 a6 34. bxa6 Qxa6 35. Kh2 Qd6 36. Rc8 Bxa4 37. Rxg8+ Kxg8 38. Rg4+ Kf8 39. Rh4 Be8 40. Re4 Qd5 41. Rh4 Bc6 42. Qe3 Qg2# 0-1

[Event "*** Titled Tuesday Blitz"]
[Site "Chess.com"]
[Date "2020.05.26"]
[Round "4"]
[White "Machidon"]
[Black "Volodar_Murzin"]
[Result "0-1"]
[WhiteElo "2507"]
[BlackElo "2716"]
[TimeControl "180+1"]
[EndTime "10:38:56 PDT"]
[Termination "Volodar_Murzin won by resignation"]

1. d4 Nf6 2. Nf3 g6 3. Bg5 Bg7 4. Nbd2 O-O 5. e4 d6 6. c3 Nbd7 7. Be2 e5 8. O-O h6 9. Bh4 a6 10. Re1 b6 11. a4 Bb7 12. Bd3 Re8 13. b4 Qb8 14. Qb3 a5 15. d5 Qc8 16. Bb5 Rf8 17. Nc4 Ra7 18. bxa5 bxa5 19. Nfd2 Nc5 20. Qc2 Qg4 21.
Bg3 Nh5 22. f3 Qg5 23. Nf1 Nxg3 24. hxg3 h5 25. Qd2 Qe7 26. Rab1 Bc8 27. Bc6 h4 28. gxh4 Qxh4 29. Nfe3 Bh6 30. Re2 f5 31. Qe1 Qxe1+ 32. Rbxe1 fxe4 33. Ng4 Bxg4 34. fxg4 Bf4 35. Na3 Ra6 36.
Nb5 Rb6 37. Rf1 Bh2+ 38. Kxh2 Rxf1 39. c4 Nxa4 40. Rxe4 Nc5 41. g5 Nxe4 0-1

[Event "*** Titled Tuesday Blitz"]
[Site "Chess.com"]
[Date "2020.05.26"]
[Round "4"]
[White "AminMolaei"]
[Black "wonderfultime"]
[Result "1-0"]
[WhiteElo "2744"]
[BlackElo "2961"]
[TimeControl "180+1"]
[EndTime "10:38:57 PDT"]
[Termination "AminMolaei won by resignation"]

1. d4 d5 2. c4 c6 3. cxd5 cxd5 4. Bf4 Nf6 5. e3 Nc6 6. Nc3 a6 7. Bd3 Bg4 8. f3 Bh5 9. g4 Bg6 10. Nge2 e6 11. Rc1 Bd6 12. h4 Rc8 13. Kf2 Bxd3 14. Qxd3 O-O 15. h5 Qe7 16. g5 Nd7 17. Rcg1 Nb4 18.
Qb1 e5 19. dxe5 Nxe5 20. Bxe5 Qxe5 21. f4 Qe7 22. a3 Bc5 23. Rg3 Nc6 24. Nxd5 Qe6 25. h6 g6 26. Nf6+ Kh8 27. Ne4 Bb6 28. b4 f6 29. gxf6 Rce8 30. N2c3 Qf5 31. Kg2 Re6 32. Rg5 Rxe4 33. Rxf5 Rxe3 34. f7 gxf5 35. Qxf5 Bd4 36. Nd5 Re2+ 37. Kh3 Ne7 38. Qd3 Nxd5 39. Qxd4+ 1-0

[Event "*** Titled Tuesday Blitz"]
[Site "Chess.com"]
[Date "2020.05.26"]
[Round "4"]
[White "ChessWarrior7197"]
[Black "1stSecond"]
[Result "1-0"]
[WhiteElo "2909"]
[BlackElo "2703"]
[TimeControl "180+1"]
[EndTime "10:38:58 PDT"]
[Termination "ChessWarrior7197 won by resignation"]

1. e4 e5 2. Nf3 Nc6 3. Bb5 a6 4. Ba4 Nf6 5. O-O Be7 6. Re1 b5 7. Bb3 d6 8. c3 O-O 9. h3 Na5 10. Bc2 c5 11. d4 Nd7 12. dxc5 dxc5 13. Nbd2 Bb7 14. b3 Re8 15. Nf1 Bf6 16. Ne3 Nf8 17. Nd5 Ng6 18. Be3 Rc8 19. Qd2 Bxd5 20. exd5 e4 21. Ng5 b4 22. Nxe4 Rxe4 23. Bxe4 Bxc3 24. Qd3 c4 25. bxc4 Bxa1 26. Rxa1 Nxc4 27. Rc1 Nd6 28. Bxg6 hxg6 29. Qxa6 Ra8 30. Qc6 Rxa2 31. Bf4 b3 32. Rb1 Nf5 33. d6 Nd4 34. Qc7 Qh4 35. Bg3 Qe4 36. Rd1 b2 37. d7 b1=Q 38. d8=Q+ Kh7 39.
Rxb1 Qxb1+ 40. Kh2 Nf5 41. Qcb8 g5 42. Qxb1 1-0

[Event "*** Titled Tuesday Blitz"]
[Site "Chess.com"]
[Date "2020.05.26"]
[Round "4"]
[White "Xeslu"]
[Black "nurmiTV"]
[Result "1-0"]
[WhiteElo "2319"]
[BlackElo "2499"]
[TimeControl "180+1"]
[EndTime "10:38:58 PDT"]
[Termination "Xeslu won by resignation"]

1. e4 c5 2. Nf3 e6 3. c4 Nc6 4.
Nc3 a6 5. Be2 Nd4 6. O-O Ne7 7.
Rb1 Nec6 8. a3 a5 9. d3 Be7 10.
Nb5 O-O 11. Nfxd4 cxd4 12. Bd2 a4 13. f4 d6 14. Qe1 b6 15. Bf3 e5 16. Qe2 Ba6 17.
b3 Bxb5 18. cxb5 Na5 19. bxa4 Nb7 20. Bb4 Rxa4 21. Rfc1 Nc5 22. fxe5 dxe5 23. Qc2 Qa8 24. Qc4 Ne6 25. Bg4 Nf4 26. g3 Bxb4 27. axb4 Ng6 28. Rf1 Qa7 29. Rb2 Qe7 30. Rfb1 Ra7 31. Qc6 Rb7 32.
Rf1 Qc7 33. Rc2 Qe7 34. Rc4 Rbb8 35. h4 Nh8 36. Kg2 Ng6 37. h5 Nh8 38. Rf5 f6 39. Qd5+ Nf7 40. Qc6 Rbd8 41. Rf1 Rd6 42. Qc7 Rfd8 43.
Qxe7 Rf8 44. Be6 1-0

[Event "*** Titled Tuesday Blitz"]
[Site "Chess.com"]
[Date "2020.05.26"]
[Round "4"]
[White "tigra"]
[Black "lachesisQ"]
[Result "0-1"]
[WhiteElo "2755"]
[BlackElo "3154"]
[TimeControl "180+1"]
[EndTime "10:38:59 PDT"]
[Termination "lachesisQ won by checkmate"]

1. e4 c5 2. Nf3 d6 3. d4 cxd4 4. Nxd4 Nf6 5. Nc3 a6 6. h3 e5 7.
Nb3 Be6 8. g4 h6 9. Bg2 Be7 10. f4 exf4 11. Bxf4 Nc6 12. Qe2 Nd7 13.
O-O-O Nce5 14. Kb1 Rc8 15. Nd5 Bxd5 16. exd5 O-O 17.
Nd4 Bf6 18. c3 Nc4 19. Rhe1 Qb6 20. Ka1 Rfe8 21. Qxe8+ Rxe8 22. Rxe8+ Kh7 23. Re2 Nc5 24. Bc1 a5 25. Be4+ Nxe4 26. Rxe4 a4 27. Re2 Qc5 28. h4 a3 29. b3 Nb6 30. Rc2 Nxd5 31.
Ne2 Nb4 32. Rcd2 Bxc3+ 33. Nxc3 Qxc3+ 34. Kb1 Qc6 35. Bxa3 Qe4+ 36. Kc1 Qxg4 37. Rd4 Qc8+ 38. Rc4 Nc6 39. Bxd6 Qe6 40. Rc2 Qf6 41. Kb1 Qxh4 42. Rcd2 Qe4+ 43. Kb2 f5 44. b4 b5 45. a4 bxa4 46. Ka3 f4 47. b5 Na7 48. Rd5 Qc4 49.
b6 Qb3# 0-1

[Event "*** Titled Tuesday Blitz"]
[Site "Chess.com"]
[Date "2020.05.26"]
[Round "4"]
[White "VitaliyBernadskiy"]
[Black "Maxim_e2e4"]
[Result "1-0"]
[WhiteElo "2697"]
[BlackElo "2335"]
[TimeControl "180+1"]
[EndTime "10:38:59 PDT"]
[Termination "VitaliyBernadskiy won on time"]

1. Nf3 c5 2. e4 e6 3. d4 cxd4 4. Nxd4 Nf6 5. Nc3 Nc6 6. a3 d5 7. Bb5 Bd7 8. exd5 exd5 9. O-O Be7 10. Re1 O-O 11. h3 a6 12. Ba4 Bc5 13. Be3 Qb6 14.
Bxc6 Bxc6 15. b4 Bxd4 16. Bxd4 Qd8 17. Bxf6 Qxf6 18. Nxd5 Bxd5 19. Qxd5 Rac8 20. c4 Rfd8 21. Qxb7 Rxc4 22. Rad1 Rxd1 23. Rxd1 g6 24. g3 Rc2 25. Qa7 Ra2 26. Qe3 Kg7 27. Rc1 h5 28. h4 Kh7 29.
Rc7 Kg7 30. Kg2 Kh7 31. Rc4 Kg7 32. Rf4 Qc6+ 33. Kh2 Qd5 34. Qc3+ Kh7 35. Qf3 Qxf3 36. Rxf3 Kg7 37. Kg2 f5 38. Rc3 Kf7 39. Rc7+ Kf8 40.
Rc6 Rxa3 41. Rxg6 Ke7 42. Rh6 Ra4 43. Rxh5 Kf6 44. Rh6+ Ke5 45. Rb6 Kd5 46. h5 1-0

[Event "*** Titled Tuesday Blitz"]
[Site "Chess.com"]
[Date "2020.05.26"]
[Round "4"]
[White "MFBerna"]
[Black "Rodalquilar"]
[Result "0-1"]
[WhiteElo "2396"]
[BlackElo "2620"]
[TimeControl "180+1"]
[EndTime "10:38:59 PDT"]
[Termination "Rodalquilar won on time"]

1. d4 d5 2. Nf3 Nf6 3. Bf4 e6 4. e3 Bd6 5. Bxd6 Qxd6 6. Nbd2 O-O 7. Bd3 c5 8. c3 Nc6 9. O-O e5 10. dxe5 Nxe5 11. Nxe5 Qxe5 12. h3 Bd7 13. Nf3 Qc7 14. c4 Bc6 15. Qe2 Rad8 16. Rad1 Rfe8 17. cxd5 Bxd5 18.
Bb1 a6 19. Rc1 b5 20. Rfd1 Qc6 21. Ne1 c4 22. b3 c3 23. b4 a5 24. a3 axb4 25.
axb4 Bb3 26. Rxd8 Rxd8 27. Bd3 Ba4 28. Nf3 Nd5 29. Nd4 Qd6 30. Bxb5 Qxb4 31. Nc6 Bxb5 32. Nxb4 Bxe2 33. Nxd5 Rxd5 34. Rxc3 g6 35. Kh2 Rd2 36. Kg3 Kg7 37. e4 h5 38. f3 Bf1 39. Kf4 Bxg2 40. h4 Bf1 41. Rc7 Rd3 42. Kg3 Be2 0-1

[Event "*** Titled Tuesday Blitz"]
[Site "Chess.com"]
[Date "2020.05.26"]
[Round "4"]
[White "Saxar85"]
[Black "ElliPaehtz"]
[Result "1-0"]
[WhiteElo "2725"]
[BlackElo "2492"]
[TimeControl "180+1"]
[EndTime "10:39:00 PDT"]
[Termination "Saxar85 won by resignation"]

1. Nf3 Nf6 2. g3 g6 3. b3 Bg7 4.
Bb2 O-O 5. Bg2 d6 6. d4 a5 7. O-O Nc6 8. Nbd2 a4 9. c4 Bd7 10. e4 e5 11. d5 Nb8 12. b4 c6 13. c5 cxd5 14. cxd6 Bb5 15. Re1 dxe4 16. Nxe5 Qxd6 17.
Nxe4 Nxe4 18. Bxe4 Qa6 19. Qd2 a3 20. Bc3 Nc6 21.
Nd7 Rfd8 22. Bxg7 Kxg7 23. Qc3+ Kh6 24. Nc5 Qb6 25. Qf6 Qc7 26. g4 Qe5 27. Qh4+ Kg7 28. Bxc6 Qxa1 29. Rxa1 Bxc6 30. g5 Rd5 31. Re1 Rad8 32.
Qf4 Rf5 33. Qe3 Rdd5 34. h4 h6 35. Qc3+ Kh7 36. Ne4 hxg5 37. hxg5 Rxg5+ 38. Nxg5+ Rxg5+ 39. Kh2 Rh5+ 40. Kg3 Rg5+ 41. Kf4 Rf5+ 42. Kg4 Bf3+ 43.
Qxf3 1-0

[Event "*** Titled Tuesday Blitz"]
[Site "Chess.com"]
[Date "2020.05.26"]
[Round "4"]
[White "Anton_Demchenko"]
[Black "TargetA"]
[Result "0-1"]
[WhiteElo "2829"]
[BlackElo "2559"]
[TimeControl "180+1"]
[EndTime "10:39:00 PDT"]
[Termination "TargetA won by checkmate"]

1. e4 e5 2. Nf3 Nc6 3. Bc4 Nf6 4. d3 Bc5 5. Bg5 h6 6. Bh4 d6 7.
c3 Bb6 8. Nbd2 Be6 9. a4 Qe7 10. O-O g5 11. Bg3 O-O-O 12. Bxe6+ Qxe6 13. b4 a5 14. b5 Ne7 15. Nc4 Kb8 16. Re1 Nh5 17.
Nxb6 cxb6 18. Nd2 Nf4 19. Nc4 Ka7 20. f3 h5 21. Bf2 Nc8 22. Nxa5 d5 23. Nb3 dxe4 24.
Rxe4 Nxd3 25. Qc2 Nxf2 26. Kxf2 Nd6 27. Re2 Nc4 28. a5 bxa5 29. Kg1 b6 30. Nd4 Qd5 31. Nc6+ Kb7 32. Nxd8+ Rxd8 33. Qe4 f6 34. Qh7+ Rd7 35. Qxh5 Qxb5 36. Qg6 Nb2 37. Qc2 Nd3 38. c4 Qc5+ 39. Kh1 Qd4 40. Rf1 Nf4 41. Re4 Qd2 42. Qa4 Qxg2# 0-1

[Event "*** Titled Tuesday Blitz"]
[Site "Chess.com"]
[Date "2020.05.26"]
[Round "4"]
[White "RubensCezila"]
[Black "Lunow"]
[Result "1-0"]
[WhiteElo "2467"]
[BlackElo "2169"]
[TimeControl "180+1"]
[EndTime "10:39:00 PDT"]
[Termination "RubensCezila won on time"]

1. c4 c5 2. Nc3 Nc6 3. g3 g6 4. h4 Bg7 5. h5 g5 6. Bg2 h6 7. d3 e6 8. f4 Nge7 9. fxg5 Nf5 10. g6 fxg6 11. g4 Nh4 12. Be4 O-O 13. Nf3 Nxf3+ 14. exf3 g5 15. O-O Ne7 16. f4 d5 17. Bg2 gxf4 18. Bxf4 e5 19. Bg3 dxc4 20. Rxf8+ Bxf8 21. Bxe5 Qxd3 22. Qxd3 cxd3 23. Bf3 c4 24. b3 Be6 25. Bxb7 Rd8 26. bxc4 Bxg4 27. Nd5 Nxd5 28. cxd5 d2 29. Kf2 d1=Q 30. Rxd1 Bxd1 31.
Ke3 Bc5+ 32. Ke4 Bc2+ 33. Kf4 Bd6 34. Bxd6 Rxd6 35. Ke5 Rb6 36. Bc6 Kf7 37. Kd6 1-0

[Event "*** Titled Tuesday Blitz"]
[Site "Chess.com"]
[Date "2020.05.26"]
[Round "4"]
[White "tteshan"]
[Black "binbin239"]
[Result "0-1"]
[WhiteElo "2180"]
[BlackElo "2403"]
[TimeControl "180+1"]
[EndTime "10:39:00 PDT"]
[Termination "binbin239 won by resignation"]

1. e4 c5 2. c3 d5 3. exd5 Qxd5 4. d4 cxd4 5. cxd4 Nc6 6. Nf3 e6 7. Nc3 Bb4 8. Bd3 Nf6 9. O-O Qd8 10. a3 Bd6 11.
Be3 O-O 12. Re1 b6 13. Qe2 Bb7 14. Rad1 Ne7 15. Bb1 Ned5 16. Bg5 h6 17. Bh4 Nf4 18. Qc2 Ng6 19. Bg3 Rc8 20. Ba2 Bxg3 21. hxg3 Nd5 22. Qd3 Nxc3 23. bxc3 Qd6 24. Bxe6 fxe6 25. Qxg6 Rf6 26.
Qd3 Qxa3 27. Rc1 Bd5 28. Ne5 Qd6 29. c4 Bb7 30. Ra1 a5 31. Qe3 Rd8 32. Red1 Rdf8 33. Ra2 Bc6 34. d5 exd5 35. cxd5 Ba8 36. Nc4 Qb4 37. Rc2 Rc8 38. Rdc1 Bxd5 39. Rb2 Qc5 40.
Qxc5 Rxc5 41. Rbc2 Bxc4 42. Rxc4 Rxc4 43. Rxc4 b5 44.
Rc8+ Rf8 45. Kf1 Rxc8 0-1

[Event "*** Titled Tuesday Blitz"]
[Site "Chess.com"]
[Date "2020.05.26"]
[Round "4"]
[White "amiralfio"]
[Black "Caterpiller35"]
[Result "0-1"]
[WhiteElo "2418"]
[BlackElo "2273"]
[TimeControl "180+1"]
[EndTime "10:39:01 PDT"]
[Termination "Caterpiller35 won by resignation"]

1. d4 Nf6 2. Bf4 d5 3. e3 c5 4. Nc3 a6 5. dxc5 e6 6. Na4 Nbd7 7. b4 Ne4 8. c3 g5 9. Bg3 Bg7 10. Rc1 h5 11. f3 Nxg3 12. hxg3 Qc7 13. Bd3 Qxg3+ 14.
Kf1 h4 15. Ne2 Qe5 16. e4 dxe4 17. Bxe4 Nf6 18. Qd4 Nxe4 19. Qxe4 Qxe4 20. fxe4 Bd7 21. Nb6 Rd8 22. Kf2 Bc6 23. Ke3 g4 24. Nd4 Bh6+ 25. Ke2 Bxc1 26. Rxc1 Bxe4 27. Nc4 Bxg2 28. Nd6+ Rxd6 29.
cxd6 h3 30. Kf2 Bd5 31. c4 h2 32. cxd5 h1=Q 33. Rxh1 Rxh1 34. dxe6 fxe6 35. Nxe6 Kd7 36. Nc5+ Kc6 37. d7 Rd1 38. Ke2 Rxd7 39. Nxd7 Kxd7 40. Ke3 Kc6 41. Kf4 Kb5 42. Kxg4 Kxb4 43. Kf4 Ka3 44. Ke4 Kxa2 45. Kd4 b5 46. Kc5 Ka3 0-1

[Event "*** Titled Tuesday Blitz"]
[Site "Chess.com"]
[Date "2020.05.26"]
[Round "4"]
[White "RaunakSadhwani2005"]
[Black "Dinamo81"]
[Result "1-0"]
[WhiteElo "2833"]
[BlackElo "2624"]
[TimeControl "180+1"]
[EndTime "10:39:02 PDT"]
[Termination "RaunakSadhwani2005 won by resignation"]

1. e4 e6 2. d4 d5 3. Nc3 Bb4 4. exd5 exd5 5. Bd3 Nf6 6. a3 Bxc3+ 7. bxc3 O-O 8. Ne2 c5 9. dxc5 Nbd7 10. Be3 Qe7 11. O-O Nxc5 12. Ng3 Bg4 13. Qd2 Nce4 14. Qe1 Nxg3 15.
hxg3 Rfe8 16. Bd4 Qd7 17. Qc1 Bf5 18. Qg5 Bxd3 19. cxd3 h6 20. Qd2 Qf5 21. f3 Re6 22. g4 Qg5 23. Qxg5 hxg5 24. Rfe1 Rae8 25. Rxe6 Rxe6 26.
Bxa7 b6 27. a4 Nd7 28. a5 bxa5 29. Rxa5 Rd6 30. Bd4 f6 31. Kf2 Kf7 32. Ke3 Kg6 33. c4 dxc4 34. dxc4 Nf8 35. c5 Re6+ 36. Kd3 Nd7 37.
Ra7 Nb8 38. Kc4 Nc6 39. Kd5 Nxd4 40. Kxd4 Re2 41. Ra3 Rxg2 42. c6 Rd2+ 43. Rd3 Rc2 44. Rc3 Rd2+ 45. Kc5 Rd8 46. c7 Rc8 47. Kd6 f5 48. Kd7 Rxc7+ 49. Kxc7 fxg4 50. fxg4 1-0

[Event "*** Titled Tuesday Blitz"]
[Site "Chess.com"]
[Date "2020.05.26"]
[Round "4"]
[White "Grandmaster2B"]
[Black "Rozum_Ivan"]
[Result "0-1"]
[WhiteElo "2436"]
[BlackElo "2613"]
[TimeControl "180+1"]
[EndTime "10:39:02 PDT"]
[Termination "Rozum_Ivan won on time"]

1. e4 c6 2. d4 d5 3. Nd2 dxe4 4. Nxe4 Nf6 5. Nxf6+ exf6 6. Bc4 Bd6 7. Ne2 O-O 8. O-O Nd7 9. c3 Nb6 10. Bd3 Qc7 11. Ng3 Nd5 12. a3 g6 13. Bh6 Re8 14.
Re1 Bd7 15. Qf3 f5 16. c4 Bf4 17. Bxf4 Nxf4 18. Bf1 Rad8 19. Ne2 Ne6 20. Rac1 Qd6 21. d5 cxd5 22. Qxd5 Qc7 23. Qd2 Bc6 24. Qe3 Nd4 25. Qg3 Nxe2+ 26. Rxe2 Qxg3 27. Rxe8+ Bxe8 28. hxg3 Rd2 29.
Re1 Bc6 30. b4 Kf8 31. f3 a6 32. Re2 Rd1 33. Kf2 Ra1 34. Re3 Ra2+ 35. Be2 Bd7 36. Rd3 Be6 37. Rc3 Ke7 38. Ke3 h5 39.
Kf2 Kf6 40. Ke3 g5 41. f4 g4 42. Kf2 Bd7 43. Ke3 Bc6 44. Kf2 Be4 45. Re3 b6 46. Kg1 Rd2 47. Bf1 Ke6 48. Rc3 Kd7 49. c5 b5 50. Re3 Kc6 51. Re2 Rxe2 52. Bxe2 Kd5 53. Kf2 Kd4 54. Bf1 Kc3 55. Be2 Kb2 0-1

[Event "*** Titled Tuesday Blitz"]
[Site "Chess.com"]
[Date "2020.05.26"]
[Round "4"]
[White "Tsyhanchuk_Stanislav"]
[Black "Echecmat"]
[Result "1-0"]
[WhiteElo "2422"]
[BlackElo "2143"]
[TimeControl "180+1"]
[EndTime "10:39:02 PDT"]
[Termination "Tsyhanchuk_Stanislav won on time"]

1. e4 c5 2. Nf3 d6 3. d4 cxd4 4. Nxd4 Nf6 5. Nc3 a6 6. Be3 e5 7. Nb3 Be6 8. Qd2 Be7 9. f4 exf4 10. Bxf4 Nc6 11. O-O-O Ne5 12. Nd4 O-O 13. Nf5 Bxf5 14. exf5 b5 15. a3 Qb8 16. Nd5 Nxd5 17. Qxd5 Rc8 18. Kb1 b4 19. a4 Rc5 20. Qb3 Qc7 21. Bxe5 dxe5 22. Bd3 Rc8 23. Bxa6 Ra8 24. Bb5 Qa5 25.
Rd5 Rac8 26. Rxc5 Bxc5 27. f6 gxf6 28. Rf1 Bd4 29. Rxf6 Qc7 30. Bd3 e4 31. Rf5 exd3 32.
Rg5+ Bg7 33. Qxd3 Qe7 34. Qg3 Qf6 35. c3 bxc3 36. bxc3 1-0